 Dungeon Crawl Stone Soup version 0.23.1-41-g7e51ed3 (webtiles) character file.

Game seed: 2679185491018800941

424 Borgoz the Cutter (level 6, -4/37 HPs)
             Began as a Gargoyle Gladiator on Mar 29, 2019.
             Killed by divine providence
             ... invoked by an orc priest
              (15 damage)
             ... on level 4 of the Dungeon.
             The game lasted 00:05:56 (3170 turns).

Borgoz the Cutter (Gargoyle Gladiator)              Turns: 3170, Time: 00:05:58

Health: -4/37      AC: 13    Str: 17    XL:     6   Next: 96%
Magic:  6/6        EV: 12    Int:  9    God:
Gold:   136        SH:  4    Dex: 13    Spells: 5/5 levels left

rFire    . . .     SeeInvis .   a - +3 short sword
rCold    + . .     Gourm    .   (no shield)
rNeg     + . .     Faith    .   v - +0 ring mail
rPois    ∞         Spirit   .   e - +2 helmet
rElec    +         Reflect  +   (no cloak)
rCorr    .         Harm     .   (no gloves)
MR       .....                  (no boots)
Stlth    +.........             k - +4 amulet of reflection
HPRegen  0.12/turn              n - ring of protection from cold
MPRegen  0.10/turn              (no ring)

@: no status effects
A: negative energy resistance 1, electricity resistance, unbreathing,
petrification resistance, rot immunity, AC +4
a: no special abilities


You were on level 4 of the Dungeon.
You were not hungry.

You visited 1 branch of the dungeon, and saw 4 of its levels.

You collected 136 gold pieces.

Inventory:

Hand Weapons
 a - a +3 short sword (weapon)
 b - a +0 blowgun
 h - a +0 rapier
 q - a +1 dagger of protection
Missiles
 d - 3 throwing nets (quivered)
 m - 6 tomahawks
 r - 17 poisoned needles
Armour
 c - a +1 leather armour of cold resistance
 e - a +2 helmet (worn)
 v - a +0 ring mail (worn)
Jewellery
 k - a +4 amulet of reflection (around neck)
 n - a ring of protection from cold (left hand)
Scrolls
 o - 2 scrolls of magic mapping {unknown}
 w - a scroll of teleportation {unknown}
Potions
 i - 2 potions of lignification
 j - a potion of resistance {unknown}
 p - a potion of brilliance {unknown}
 s - a potion of haste {unknown}
 t - a potion of invisibility {unknown}
 u - a potion of might
Comestibles
 f - 6 rations
 g - 4 chunks of flesh


   Skills:
 + Level 3.3 Fighting
 * Level 4.1 Short Blades
 + Level 2.7 Throwing
 + Level 2.4 Armour
 * Level 3.7 Dodging
 + Level 2.4 Stealth


You had 5 spell levels left.
You didn't know any spells.
Your spell library was empty.

Dungeon Overview and Level Annotations

Branches:
Dungeon (4/15)
 Temple: D:4-7

Altars:
Hepliaklqana
Makhleb
Xom


Innate Abilities, Weirdness & Mutations

You are resistant to torment.
Your stone body is resilient. (AC +4)
You are immune to poison.
You resist negative energy. (rN+)
You are resistant to electric shocks. (rElec)
You can survive without breathing.
You are immune to petrification.
You are immune to rotting.


Message History

The ogre hits you with a +0 giant spiked club!
* * * LOW HITPOINT WARNING * * *
You feel better. The ogre misses you.
You feel better.
You barely miss the ogre.
The ogre is heavily wounded.
An orc wizard comes into view. It is wielding a +0 dagger.
The ogre closely misses you.
You hit the ogre.
The ogre is severely wounded.
An orc priest comes into view.
The ogre hits you with a +0 giant spiked club!
* * * LOW HITPOINT WARNING * * *
The orc priest shouts!
You hit the ogre.
The ogre is severely wounded.
You hear a shout!
The orc priest invokes the aid of Beogh against something.
Beogh smites you!
You die...

###...........
####.............
.#####................
..................... o
##...................
..##....................
.8.8....................
........................
.8o...O@................
####..o.................
#...#.###............
#..##.# ########.....
#.. ... #..... #..#.⌠..
##.... #. #..?# ##... ..
##### ###. ##


You could see an ogre, an orc priest, an orc wizard and an orc.

Vanquished Creatures
  An orc warrior (D:3)
  An ogre (D:2)
  2 hounds
  A howler monkey skeleton (D:4)
  5 adders
  3 gnolls (D:2)
  An ooze (D:3)
  2 worms
  2 dart slugs
  2 leopard geckos
  9 orcs
  8 bats
  7 giant cockroaches
  4 goblins
  8 hobgoblins
  9 jackals
  3 quokkas
  3 frilled lizards
  5 kobolds
  8 rats
84 creatures vanquished.

Notes
Turn   | Place    | Note
-------+----------+-------------------------------------------
     0 | D:1      | Borgoz the Gargoyle Gladiator began the quest for the Orb.
     0 | D:1      | Reached XP level 1. HP: 12/12 MP: 1/1
   300 | D:1      | Reached XP level 2. HP: 17/17 MP: 2/2
   864 | D:2      | Reached skill level 3 in Short Blades
   864 | D:2      | Reached XP level 3. HP: 22/22 MP: 3/3
   957 | D:2      | Reached skill level 1 in Stealth
  1233 | D:2      | Reached skill level 1 in Armour
  1233 | D:2      | Reached XP level 4. HP: 23/27 MP: 4/4
  1325 | D:2      | Found a burning altar of Makhleb.
  1325 | D:2      | Noticed an ogre
  1337 | D:2      | Killed an ogre
  1337 | D:2      | Reached XP level 5. HP: 6/32 MP: 5/5
  1923 | D:2      | Reached XP level 6. HP: 26/37 MP: 6/6
  2388 | D:3      | Noticed an orc warrior
  2428 | D:3      | Killed an orc warrior
  2428 | D:3      | Reached skill level 4 in Short Blades
  2720 | D:3      | Found a hazy altar of Hepliaklqana.
  2721 | D:3      | Found a shimmering altar of Xom.
  2722 | D:3      | Noticed a spectral ugly thing
  3170 | D:4      | Killed from afar by an orc priest

Skill      XL: |  1  2  3  4  5  6 |
---------------+-------------------+-----
Short Blades   | 3 4 |  4.1
Throwing       | 2 |  2.7
Stealth        | 1 2 |  2.4
Armour         | 1 2 |  2.4
Dodging        | 3 |  3.7
Fighting       | 3 |  3.3

Action                   |  1- 3 |  4- 6 || total
-------------------------+-------+-------++-------
Melee: Rapier            |   105 |   173 ||   278
       Short sword       |       |    60 ||    60
  Use: Potion            |       |     6 ||     6
       Scroll            |       |     4 ||     4
 Stab: Sleeping          |     2 |     3 ||     5
  Eat: Chunk             |     1 |     7 ||     8
Armor: Leather armour    |    34 |    75 ||   109
       Ring mail         |       |    11 ||    11
       Skin              |       |     8 ||     8
Dodge: Dodged            |    64 |   152 ||   216
Block: Other             |    13 |    46 ||    59
